 Dungeon Crawl Stone Soup version 0.28-a0-612-gcfc00ec14d (webtiles) character file.

Game seed: 17880892459442809914

1277 pokedragonboy the Chopper (level 8, -2/64 HPs)
             Began as a Formicid Fighter on Oct 5, 2021.
             Was a Follower of Elyvilon.
             Slain by an orc warrior (14 damage)
             ... on level 5 of the Dungeon on Oct 6, 2021.
             The game lasted 00:12:35 (5965 turns).

pokedragonboy the Chopper (Formicid Fighter)        Turns: 5965, Time: 00:12:36

Health: -2/64      AC: 12    Str: 22    XL:     8   Next: 84%
Magic:  10/11      EV:  8    Int:  9    God:    Elyvilon [*.....]
Gold:   246        SH:  4    Dex: 10    Spells: 7/7 levels left

rFire   . . .      SeeInvis +   a - +0 war axe
rCold   . . .      Faith    .   c - +0 buckler
rNeg    . . .      Spirit   .   i - +0 chain mail
rPois   .          Reflect  .   (helmet unavailable)
rElec   .          Harm     .   n - +1 cloak
rCorr   .          Rampage  .   (no gloves)
Will    .....                   (no boots)
Stlth   ..........              (no amulet)
HPRegen 0.20/turn               (no ring)
MPRegen 0.12/turn               (no ring)

@: no status effects
A: permanent stasis, dig shafts and tunnels, antennae 3, four strong arms
a: Dig, Shaft Self, Renounce Religion, Lesser Healing, Divine Protection


You were on level 5 of the Dungeon.
You worshipped Elyvilon.
Elyvilon was aware of your devotion.
You visited 1 branch of the dungeon, and saw 6 of its levels.

You collected 266 gold pieces.
You spent 20 gold pieces at shops.

Inventory:

Hand Weapons
 a - a +0 war axe (weapon)
Missiles
 d - 26 poisoned darts
 j - 6 javelins (quivered)
 p - 5 silver javelins
Armour
 c - a +0 buckler (worn)
 i - a +0 chain mail (worn)
 n - a +1 cloak (worn)
Wands
 e - a wand of acid (7)
Scrolls
 f - a scroll of immolation {unknown}
 h - a scroll of enchant armour
 k - a scroll of magic mapping {unknown}
 l - a scroll of vulnerability {unknown}
 o - a scroll of amnesia
 r - a scroll of noise {unknown}
 s - a scroll of identify
Potions
 b - 2 potions of ambrosia
 g - a potion of berserk rage {unknown}
 m - 2 potions of curing
 q - a potion of brilliance {unknown}


   Skills:
 + Level 6.0 Fighting
 * Level 6.7 Axes
 - Level 1.0 Throwing
 + Level 5.9 Armour
 - Level 4.0 Shields
 + Level 4.1 Invocations


You had 7 spell levels left.
You didn't know any spells.
Your spell library was empty.

Dungeon Overview and Level Annotations

Branches:
Dungeon (6/15)
 Temple: D:4-7

Altars:
Dithmenos
Elyvilon
Fedhas
Yredelemnul

Shops:
D:4 [=?=[


Innate Abilities, Weirdness & Mutations

You cannot be hasted, slowed, berserked, paralysed or teleported.
You can dig through walls and to a lower floor.
You have a pair of large antennae on your head. (SInv)
Your four strong arms can wield two-handed weapons with a shield.


Message History

You barely miss the orc warrior.
The orc warrior is moderately wounded.
You hit the gnoll. You slash the gnoll!
You kill the gnoll!
The gnoll hits you but does no damage.
The orc warrior hits you with a +0 trident!
You block the gnoll's attack.
You hit the gnoll but do no damage.
The gnoll is severely wounded.
You hit the orc warrior but do no damage.
The orc warrior hits you with a +0 trident.
You block the gnoll's attack.
You slash the gnoll!
You kill the gnoll!
You hit the orc warrior but do no damage.
The orc warrior hits you with a +0 trident!
You hit the orc warrior but do no damage.
The orc warrior is moderately wounded.
The orc warrior hits you but does no damage.
The orc warrior hits you with a +0 trident.
You hit the orc warrior.
The orc warrior is severely wounded.
The orc warrior hits you with a +0 trident.
You slash the orc warrior!
The orc warrior is almost dead.
The orc warrior closely misses you.
You hit the orc warrior but do no damage.
The orc warrior is almost dead.
The orc warrior hits you with a +0 trident!
You barely miss the orc warrior.
The orc warrior is almost dead.
The orc warrior hits you with a +0 trident.
* * * LOW HITPOINT WARNING * * *
You closely miss the orc warrior.
The orc warrior is almost dead.
The orc warrior hits you with a +0 trident!
* * * LOW HITPOINT WARNING * * *
You are healed.
The orc warrior hits you with a +0 trident!
You die...

#...........#...#
#...........#...#
#...........#...#
#...........#...###
#####
#...........#.....#
#....
#.<.........#.....#
#....
#...........#.....#
#....
#..........?##.)o)#
#....
#...............@)#
#....
##.####........[.)#
#.... #.#
#...........# ######
#.... #.#
#...........# #....#
#.... #.#
########....#
#....####.... #.#
#....###.......'....
#.#########
#....##.....####....
#.##......#
#....##.....# #.....
#.##......#
#####.......###.####


You could see an orc warrior.

Vanquished Creatures
  A steam dragon (D:4)
  An ice beast (D:5)
  3 ogres (D:5)
  2 necrophages (D:5)
  2 phantoms (D:5)
  A scorpion (D:4)
  A water moccasin skeleton (D:4)
  A bullfrog zombie (D:5)
  A bullfrog skeleton (D:4)
  A centaur skeleton (D:5)
  An iguana (D:5)
  A scorpion zombie (D:5)
  A hound skeleton (D:4)
  3 gnolls
  11 adders
  2 worms (D:2)
  12 orcs
  10 ball pythons
  7 bats
  5 endoplasms
  3 giant cockroaches
  6 goblins
  7 hobgoblins
  2 jackals (D:4)
  5 kobolds
  3 quokkas
  3 frilled lizards
  5 rats
101 creatures vanquished.

Notes
Turn   | Place    | Note
-------+----------+-------------------------------------------
     0 | D:1      | pokedragonboy the Formicid Fighter began the quest for the
                  | Orb.
     0 | D:1      | Reached XP level 1. HP: 18/18 MP: 1/1
   298 | D:1      | Reached XP level 2. HP: 20/24 MP: 2/2
   346 | D:1      | Noticed a floating eye
   349 | D:1      | Found a faded altar of an unknown god.
   350 | D:1      | Noticed a golden eye
   350 | D:1      | Noticed an eye of devastation
   350 | D:1      | Noticed a great orb of eyes
   824 | D:2      | Reached XP level 3. HP: 27/29 MP: 3/3
  1017 | D:2      | Reached XP level 4. HP: 11/37 MP: 4/4
  2343 | D:3      | Reached XP level 5. HP: 42/42 MP: 5/5
  2529 | D:3      | Reached skill level 1 in Throwing
  2630 | D:4      | Found Neunuju's Jewellery Boutique.
  2795 | D:4      | Found Ovullat's Jewellery Boutique.
  2799 | D:4      | Found a basalt altar of Yredelemnul.
  2890 | D:4      | Found Cani's Magic Scroll Emporium.
  2898 | D:4      | Bought a scroll of identify for 20 gold pieces
  3023 | D:4      | Reached XP level 6. HP: 47/48 MP: 6/6
  3088 | D:4      | Found Tirchage's Antique Armour Shop.
  3107 | D:4      | Found a white marble altar of Elyvilon.
  3137 | D:4      | Became a worshipper of Elyvilon the Healer
  3268 | D:4      | Reached skill level 1 in Invocations
  3366 | D:4      | Found a shadowy altar of Dithmenos.
  3461 | D:4      | Found Qyc Gipuzi's Antique Armour Shoppe.
  3577 | D:4      | Noticed a steam dragon
  3582 | D:4      | Killed a steam dragon
  3583 | D:4      | Reached XP level 7. HP: 26/55 MP: 6/8
  4148 | D:5      | Entered Level 5 of the Dungeon
  4161 | D:5      | Reached skill level 5 in Axes
  4175 | D:5      | Reached skill level 5 in Fighting
  4175 | D:5      | Reached skill level 5 in Armour
  4793 | D:5      | Reached * piety under Elyvilon
  4908 | D:5      | Reached XP level 8. HP: 62/62 MP: 10/10
  4922 | D:5      | Found a blossoming altar of Fedhas.
  5965 | D:5      | Slain by an orc warrior

Illustrated notes

Levels and vault maps discovered:
D:1:      matt_arrival_spirals, layout_loops_ring,
          hellmonk_ecumenical_altar_watching_god, solitary_fountain,
          serial_park_tiny_pond
D:2:      layout_loops_ring
D:3:      layout_rooms
D:4:      layout_loops_corners, nicolae_dithmenos_the_darkroom,
          mainiacjoe_overflow_alcove_1, yredelemnul_altar_generic, serial_shops,
          nicolae_stop_n_shop_1, shop, kennysheep_mini,
          nicolae_shop_overgrown_old_shop, shop, nrook_mini_backslash
D:5:      layout_basic, mainiacjoe_overflow_24_doors
D:6:      layout_cave_pools, kennysheep_mini_moat, serial_shops,
          nicolae_shop_statue_plus, feat_on_display

Skill      XL: |  1  2  3  4  5  6  7  8 |
---------------+-------------------------+-----
Shields        | 4 |  4.0
Axes           | 3 4 5 6 |  6.7
Fighting       | 4 5 6 |  6.0
Throwing       | 1 |  1.0
Armour         | 4 5 |  5.9
Invocations    | 1 2 4 |  4.1

Action                   |  1- 3 |  4- 6 |  7- 9 || total
-------------------------+-------+-------+-------++-------
Melee: War axe           |    74 |   163 |   133 ||   370
Throw: Javelin           |       |    23 |     6 ||    29
Invok: Lesser Healing    |       |       |     1 ||     1
 Abil: Dig               |     7 |     2 |       ||     9
  Use: Scroll            |       |     2 |     5 ||     7
       Potion            |       |     1 |       ||     1
Armor: Scale mail        |    10 |       |       ||    10
       Chain mail        |    43 |    92 |    57 ||   192
Dodge: Dodged            |    39 |    53 |    58 ||   150
Block: Buckler           |    26 |    35 |    35 ||    96

Table legend: (Time is in decaauts)
 A = Elapsed time spent in this place.
 B = Non-inter-level travel time spent in this place.
 C = Inter-level travel time spent in this place.
 D = Time resting spent in this place.
 E = Time spent auto-exploring this place.
 F = Levels seen in this place.
 G = Mean time per level.
                   A        B        C        D        E       F      G
               +--------+--------+--------+--------+--------+-----+--------+
         Total |   6094 |   5861 |    233 |   1393 |   3417 |   6 | 1015.7 |
       Dungeon |   6094 |   5861 |    233 |   1393 |   3417 |   6 | 1015.7 |
               +--------+--------+--------+--------+--------+-----+--------+

Top non-repeatable levels by time:
     D:5: 1816 daAuts
     D:4: 1411 daAuts
     D:1: 1081 daAuts
     D:3: 877 daAuts
     D:2: 872 daAuts
     D:6: 34 daAuts
